 Dungeon Crawl Stone Soup version 0.28-a0-793-g31680bbd8b (webtiles) character file.

Game seed: 301858278813352683

730 jasper the Ruffian (level 7, 0/56 HPs)
             Began as a Demonspawn Cinder Acolyte on Nov 3, 2021.
             Was a Believer of Ignis.
             Slain by an ogre (10 damage)
             ... on level 5 of the Dungeon.
             The game lasted 00:06:50 (5697 turns).

jasper the Ruffian (Demonspawn Cinder Acolyte)      Turns: 5697, Time: 00:06:51

Health: 0/56       AC:  8    Str: 14    XL:     7   Next: 44%
Magic:  8/8        EV:  9    Int: 25    God:    Ignis [**....]
Gold:   243        SH:  0    Dex:  9    Spells: 8/8 levels left

rFire   + . .      SeeInvis .     - Unarmed
rCold   . . .      Faith    .   (no shield)
rNeg    . . .      Spirit   .   c - +1 scale mail
rPois   .          Reflect  .   (no helmet)
rElec   .          Harm     .   m - scarf {shadows}
rCorr   .          Rampage  .   j - +0 pair of gloves
Will    .....                   (no boots)
Stlth   ..........              (no amulet)
HPRegen 0.18/turn               f - +6 ring of intelligence
MPRegen 0.11/turn               g - ring of wizardry

@: rising, flying
A: claws 2, powered by death 1, big brain 1
a: Renounce Religion, Sea of Fire, Foxfire Swarm, Rising Flame


You were on level 5 of the Dungeon.
You worshipped Ignis.
Ignis was pleased with you.
You visited 1 branch of the dungeon, and saw 5 of its levels.

You collected 243 gold pieces.

Inventory:

Hand Weapons
 l - a +0 hunting sling
Missiles
 b - 159 stones (quivered)
 i - 4 atropa-tipped darts
 n - 8 sling bullets
Armour
 a - a +0 robe
 c - a +1 scale mail (worn)
 j - a +0 pair of gloves (worn)
 m - a scarf of shadows (worn)
Magical Staves
 h - a staff of earth
Jewellery
 f - a +6 ring of intelligence (left hand)
 g - a ring of wizardry (right hand)
Wands
 k - a wand of iceblast (4)
Scrolls
 d - 2 scrolls of noise
 o - a scroll of teleportation
 p - a scroll of identify
Potions
 e - a potion of degeneration
 r - a potion of resistance


   Skills:
 + Level 5.1 Fighting
 + Level 3.4 Dodging
 * Level 6.0 Unarmed Combat
 - Level 1.0 Spellcasting
 - Level 2.6 Fire Magic


You had 8 spell levels left.
You didn't know any spells.
Your spell library contained the following spells:

 Spells                   Type           Power      Damage    Failure   Level
 Scorch                   Fire           28%        2d6       12%         2


Dungeon Overview and Level Annotations

Branches:
Dungeon (5/15)
 Temple: D:4-7

Altars:
Elyvilon
Qazlal
Sif Muna
Trog
Zin

Shops:
D:4 (

Annotations:
D:5 Ijyb


Innate Abilities, Weirdness & Mutations

You have very sharp fingernails.
You regenerate a little health from kills.
You have an unusually large brain. (Int +2)


Message History

Evoke which item? (* to show all) (? for menu, Esc to quit)
Huh?
Evoke which item? (* to show all) (? for menu, Esc to quit)
Huh?
Evoke which item? (* to show all) (? for menu, Esc to quit)
Huh?
Evoke which item? (* to show all) (? for menu, Esc to quit)
Okay, then.
The orc priest miscasts a cantrip.
You regained 2 hp, and now have 26/56 hp.
The orc priest calls down the wrath of Beogh upon you.
Beogh smites you!
You take 7 damage, and have 19/56 hp.
The orc priest barely misses you.
Things that are here:
a +0 dagger; a +0 robe You hit the orc priest.
You kill the orc priest!
Your Unarmed Combat skill increases to level 6!
You hit the orc.
The orc is severely wounded.
Ijyb zaps a wand.
The mass of ice explodes!
The iceblast engulfs the orc!
The orc dies!
The iceblast engulfs you.
You hear a shout!
An ogre comes into view. It is wielding a +0 giant club.
Ijyb zaps a wand.
The mass of ice explodes!
The iceblast engulfs you!
* * * LOW HITPOINT WARNING * * *
Things that are here:
a +0 flail; a +0 short sword You take 12 damage, and have 9/56 hp.
MASSIVE DAMAGE!!
Ijyb screams, "Die!"
Ijyb hits you but does no damage.
Okay, then.
You begin to rise into the air.
Ijyb hits you but does no damage.
You closely miss Ijyb. Ijyb hits you but does no damage.
You closely miss Ijyb. Ijyb hits you but does no damage.
You barely miss Ijyb. Your punch misses Ijyb.
The ogre hits you with a +0 giant club!
You die...

.... ...###
..## ####.....
...#...#......
W#.........(..
$..# ...o..
.###...
...o.o####
<....#
#.g....ZW#
######
#.##''##g#
#### #≈≈§ #@#
.... #≈⌠> #O##
.... #≈_. #).#
.... #≈≈≈
#.)## ....
######...#
...)
.........#
....
##.#####.#
.... #.# #.#


You could see a phantom, an ogre, Ijyb and a water moccasin skeleton.

Vanquished Creatures
  A black bear (D:4)
  2 centaurs
  A vampire bat (D:4)
  A howler monkey (D:4)
  A jelly (D:4)
  2 hounds (D:4)
  An orc priest (D:5)
  A centaur skeleton (D:5)
  An iguana (D:5)
  An orc wizard (D:5)
  A howler monkey skeleton (D:4)
  2 adders (D:4)
  An ufetubus (D:4)
  2 adder skeletons (D:4)
  2 worms
  3 fire bats (D:4)
  6 orcs
  2 spectral bats (D:4)
  7 ball pythons
  3 bat skeletons (D:4)
  A bat zombie (D:4)
  5 endoplasms
  A giant cockroach (D:4)
  5 goblins
  5 hobgoblins
  13 jackals
  2 quokkas
  13 bats
  A bat simulacrum (D:4)
  2 frilled lizards (D:1)
  3 kobolds
  3 rats
95 creatures vanquished.

Vanquished Creatures (others)
  An orc (D:5)
  15 foxfires
16 creatures vanquished.

Grand Total: 111 creatures vanquished

Notes
Turn   | Place    | Note
-------+----------+-------------------------------------------
     0 | D:1      | jasper the Demonspawn Cinder Acolyte began the quest for
                  | the Orb.
     0 | D:1      | Reached XP level 1. HP: 18/18 MP: 2/2
   561 | D:1      | Reached skill level 3 in Unarmed Combat
   561 | D:1      | Gained mutation: You regenerate a little health from kills.
                  | [demonic ancestry]
   561 | D:1      | Reached XP level 2. HP: 19/24 MP: 3/3
   640 | D:1      | Found a faded altar of an unknown god.
  1344 | D:2      | Learned a level 2 spell: Scorch
  1511 | D:2      | Reached skill level 1 in Dodging
  1865 | D:2      | Gained mutation: You have sharp fingernails. [demonic
                  | ancestry]
  1865 | D:2      | Reached XP level 3. HP: 20/29 MP: 4/4
  3095 | D:4      | Noticed a centaur
  3291 | D:4      | Killed a centaur
  3292 | D:4      | Reached skill level 4 in Unarmed Combat
  3292 | D:4      | Gained mutation: You have very sharp fingernails. [demonic
                  | ancestry]
  3292 | D:4      | Reached XP level 4. HP: 3/37 MP: 5/5
  3292 | D:4      | Reached XP level 5. HP: 3/42 MP: 6/6
  4058 | D:4      | Found a bloodstained altar of Trog.
  4082 | D:4      | Noticed a black bear
  4085 | D:4      | Killed a black bear
  4086 | D:4      | Reached XP level 6. HP: 48/49 MP: 7/7
  4174 | D:4      | Reached skill level 5 in Unarmed Combat
  4237 | D:4      | Found Gyeh's Antique Weapon Shop.
  4484 | D:4      | Found a shimmering blue altar of Sif Muna.
  5074 | D:4      | Gained mutation: You have an unusually large brain. (Int
                  | +2) [demonic ancestry]
  5074 | D:4      | Reached XP level 7. HP: 54/55 MP: 8/8
  5356 | D:5      | Entered Level 5 of the Dungeon
  5657 | D:5      | Found a stormy altar of Qazlal.
  5666 | D:5      | Reached skill level 5 in Fighting
  5674 | D:5      | Noticed Ijyb
  5691 | D:5      | Reached skill level 6 in Unarmed Combat
  5697 | D:5      | Slain by an ogre

Illustrated notes

Levels and vault maps discovered:
D:1:      minmay_arrival_up_and_down, layout_basic,
          chequers_ecumenical_altar_simple_redux, serial_glass, glass_columns_a,
          glass_columns_b, feat_on_display, item_on_display_a, feat_on_display
D:2:      layout_loops_corners
D:3:      layout_loops_cross, elyvilon_altar_1
D:4:      layout_loops_cross, kennysheep_orc_sif_temple,
          mainiacjoe_overflow_divided_tiny, serial_shops, nicolae_square_shop,
          minmay_misc_feat_square, goddamned_bats
D:5:      layout_basic, general_overflow_altar, minmay_between, uniq_ijyb

Skill      XL: |  1  2  3  4  5  6  7 |
---------------+----------------------+-----
Unarmed Combat | 3 4 5 6 |  6.0
Dodging        | 1 2 3 |  3.4
Fighting       | 4 5 |  5.1
Spellcasting   | |  1.0
Fire Magic     | |  2.6

Action                   |  1- 3 |  4- 6 |  7- 9 || total
-------------------------+-------+-------+-------++-------
Melee: Unarmed           |   212 |   205 |    43 ||   460
       Punch             |     2 |     6 |       ||     8
 Fire: Hunting sling     |    21 |       |       ||    21
Throw: Stone             |    40 |     5 |     1 ||    46
Invok: Foxfire Swarm     |     4 |       |     1 ||     5
       Rising Flame      |       |       |     1 ||     1
Evoke: Wand              |       |     3 |     2 ||     5
  Use: Scroll            |     3 |       |     6 ||     9
       Potion            |     2 |       |     1 ||     3
Armor: Scale mail        |   125 |   177 |    26 ||   328
       Robe              |     3 |       |       ||     3
Dodge: Dodged            |   120 |   139 |    30 ||   289

Table legend: (Time is in decaauts)
 A = Elapsed time spent in this place.
 B = Non-inter-level travel time spent in this place.
 C = Inter-level travel time spent in this place.
 D = Time resting spent in this place.
 E = Time spent auto-exploring this place.
 F = Levels seen in this place.
 G = Mean time per level.
                   A        B        C        D        E       F      G
               +--------+--------+--------+--------+--------+-----+--------+
         Total |   5660 |   5538 |    122 |    953 |   3536 |   5 | 1132.0 |
       Dungeon |   5660 |   5538 |    122 |    953 |   3536 |   5 | 1132.0 |
               +--------+--------+--------+--------+--------+-----+--------+

Top non-repeatable levels by time:
     D:4: 1822 daAuts
     D:3: 1460 daAuts
     D:1: 1188 daAuts
     D:2: 985 daAuts
     D:5: 204 daAuts
